 Dungeon Crawl Stone Soup version 0.17.1-3-g152610e (webtiles) character file.

98 mrath the Magician (level 4, -3/35 HPs)
             Began as a Draconian Wanderer on Mar 21, 2016.
             Slain by an orc
             ... wielding a +0 flail
              (5 damage)
             ... on level 2 of the Dungeon.
             The game lasted 00:13:10 (2553 turns).

mrath the Magician (Draconian Wanderer)             Turns: 2553, Time: 00:13:10

Health: -3/35      AC:  6    Str: 11    XL:     4   Next: 44%
Magic:  8/8        EV:  8    Int: 14    God:
Gold:   75         SH:  7    Dex: 13    Spells: 1 memorised, 8 levels left

rFire  . . .     SeeInvis .     j - +0 mace
rCold  . . .     Clarity  .     (armour unavailable)
rNeg   . . .     SustAt   .     a - +0 shield
rPois  .         Gourm    .     (helmet restricted)
rElec  .         Spirit   .     (no cloak)
rCorr  .         Warding  .     h - +0 pair of gloves
rMut   .         Stasis   .     (no boots)
MR     .....                    (no amulet)
Stlth  +.........               (no ring)
                                (no ring)

@: not resistant to hostile enchantments, very unstealthy
A: unfitting armour, cold-blooded, AC +5
a: no special abilities


You were on level 2 of the Dungeon.
You were hungry.

You visited 1 branch of the dungeon, and saw 2 of its levels.

You collected 75 gold pieces.

Inventory:

Hand Weapons
 d - a +0 dagger
 j - a +0 mace (weapon)
 u - a +0 hunting sling
 v - a +0 whip
Missiles
 p - 100 stones
 r - 3 steel javelins (quivered)
 s - 17 poisoned needles
Armour
 a - a +0 shield (worn)
 h - a +0 pair of gloves (worn)
Jewellery
 i - an uncursed amulet of regeneration {unknown}
 k - an uncursed ring of protection from cold {unknown}
Scrolls
 c - 3 scrolls of identify {unknown}
 g - 2 scrolls of teleportation {unknown}
 o - 3 scrolls of enchant armour {unknown}
Potions
 m - a potion of flight {unknown}
 n - a potion of curing {unknown}
 q - a potion of beneficial mutation {unknown}
Books
 b - the Reference Book on the Oath

   Spells                             Type                      Level
   a - Corona                         Hexes                        1
   b - Confuse                        Hexes                        3
Comestibles
 e - a bread ration
 f - 8 fruits
 l - a meat ration
 t - 3 chunks of flesh


   Skills:
 + Level 1.1 Fighting
 + Level 2.0 Maces & Flails
 + Level 0.3 Dodging
 + Level 2.0 Shields
 - Level 3.2 Spellcasting
 - Level 2.6 Hexes
   Level 2.0 Summonings
   Level 1.0 Translocations


You had 8 spell levels left.
You knew the following spells:

 Your Spells              Type           Power        Failure   Level  Hunger
a - Corona                Hex            #......      45%         1    #......


Dungeon Overview and Level Annotations

Branches:
Dungeon (2/15)

Altars:

Annotations:
D:2 Natasha, Sigmund


Innate Abilities, Weirdness & Mutations

Your plain brown scales are hard (AC +5).
Your body does not fit into most forms of armour.
You are cold-blooded and may be slowed by cold attacks.


Message History

The orc is heavily wounded.
The orc completely misses you.
You hit the orc but do no damage.
The orc is heavily wounded.
The orc closely misses you.
You hit the orc.
The orc is heavily wounded.
The orc hits you but does no damage. The orc hits you with a flail.
You hit the orc but do no damage.
The orc is heavily wounded.
The orc hits you with a flail!
* * * LOW HITPOINT WARNING * * *
You hit the orc but do no damage.
The orc is heavily wounded.
The orc hits you with a flail.
* * * LOW HITPOINT WARNING * * *
You barely miss the orc.
The orc is heavily wounded.
The orc hits you with a flail.
You die...

..... ...# .....
#..# #.#.# #w.#
#.#.# #.<# ..[# #
#.....##..#.#
##.#..##.##..#.#
###...........(..#
.......# #o@# #
#..##.#####..#.#
#.##..............#
#.......######.####
### #.#.######.#
..###.........#
#.#.#.########
#.##.# #####.##.#


You could see an orc.

Vanquished Creatures
  Natasha (D:2)
  4 adders
  4 hobgoblins
  4 jackals
  5 kobolds
  2 ball pythons
  4 bats
  A giant cockroach (D:2)
  A giant gecko (D:1)
  A giant newt (D:1)
  5 goblins
  5 rats
37 creatures vanquished.

Notes
Turn   | Place    | Note
--------------------------------------------------------------
     0 | D:1      | mrath the Draconian Wanderer began the quest for the Orb.
     0 | D:1      | mrath set off with: a +0 shield, the Reference Book on the Oath, a potion of lignification, a +0 dagger, a bread ration
     0 | D:1      | Reached XP level 1. HP: 16/16 MP: 3/3
     0 | D:1      | Identified the Reference Book on the Oath
     2 | D:1      | Learned a level 1 spell: Corona
   351 | D:1      | Reached skill level 1 in Hexes
   352 | D:1      | Reached XP level 2. HP: 20/23 MP: 5/5
  1061 | D:1      | Reached XP level 3. HP: 28/28 MP: 7/7
  1726 | D:2      | Noticed Natasha
  1737 | D:2      | Killed Natasha
  1737 | D:2      | Reached skill level 3 in Spellcasting
  1737 | D:2      | Reached XP level 4. HP: 18/35 MP: 8/8
  1955 | D:2      | Noticed Natasha
  1958 | D:2      | Noticed Sigmund
  2553 | D:2      | Slain by an orc

Action                   |  1- 3 |  4- 6 || total
-------------------------+-------+-------++-------
Melee: Mace              |   127 |    43 ||   170
       Dagger            |     9 |       ||     9
Throw: Javelin           |       |     2 ||     2
  Use: Potion            |     2 |     1 ||     3
 Stab: Sleeping          |     3 |       ||     3
  Eat: Chunk             |     3 |     2 ||     5
